 Dungeon Crawl Stone Soup version 0.32-a0-571-gec57dfcd37 (webtiles) character file.

Game seed: 4278537792586523426

4772 dialectric the Trooper (level 10, -8/102 HPs)
             Began as a Troll Shapeshifter on Feb 29, 2024.
             Shot with a bolt by an orc (15 damage)
             ... in a bailey.
             The game lasted 00:12:37 (6871 turns).

dialectric the Trooper (Troll Shapeshifter)         Turns: 6871, Time: 00:12:38

Health: -8/102     AC:  4    Str: 28    XL:     10   Next: 23%
Magic:  9/9        EV: 11    Int:  6    God:
Gold:   295        SH:  0    Dex:  9    Spells: 9/9 levels left

rFire   . .          .
                       - Unarmed
rCold   + . .        (no shield)
rNeg    . . .        a - +0 animal skin
rPois   .            (helmet currently unavailable)
rElec   .            (cloak currently unavailable)
rCorr   .            (gloves unavailable)
SInv    .            (boots unavailable)
Will    .....        (no amulet)
Stlth   +            h - ring of protection from cold
HPRegen 1.17/turn    (no ring)
MPRegen 0.11/turn

%: no passive effects
@: beast-form
A: beast (slay +3), large, unfitting armour, claws 3, regeneration 1, shaggy fur
1, tough skin 1
a: Begin Untransformation


You were in a bailey.
You were a hulking beast.
You visited 1 branch of the dungeon, and saw 8 of its levels.
You also visited: Sewer and Bailey.

You collected 451 gold pieces.
You spent 156 gold pieces at shops.

Inventory:

Hand Weapons
 w - a +2 mace of holy wrath
 y - a +4 quarterstaff of chaos
 B - a +0 giant spiked club
 H - a +1 morningstar of flaming
 L - a +0 morningstar of protection
Missiles
 g - a throwing net
Armour
 a - a +0 animal skin (worn)
 z - a +0 cloak of stealth
Jewellery
 f - a ring of ice
 h - a ring of protection from cold (left claw)
Talismans
 c - a beast talisman (active)
 d - a flux talisman
Wands
 E - a wand of polymorph (10)
 I - a wand of flame (13)
 J - a wand of roots (8)
Scrolls
 b - 2 scrolls of fear
 e - a scroll of silence {unknown}
 l - a scroll of noise {unknown}
 o - a scroll of amnesia {unknown}
 t - 3 scrolls of teleportation
 A - a scroll of vulnerability {unknown}
 D - a scroll of enchant armour {unknown}
 F - a scroll of immolation {unknown}
 G - a scroll of acquirement {unknown}
Potions
 i - 4 potions of haste
 j - 2 potions of cancellation
 k - 2 potions of brilliance
 m - a potion of berserk rage
 n - 4 potions of curing
 p - 3 potions of attraction
 q - 2 potions of heal wounds
 v - 3 potions of might
 C - a potion of magic {unknown}
 K - a potion of enlightenment {unknown}


   Skills:
 * Level 7.0 Fighting
 + Level 4.3 Armour
 + Level 5.6 Dodging
 + Level 7.0 Unarmed Combat
 * Level 6.9 Shapeshifting


You had 9 spell levels left.
You didn't know any spells.
Your spell library contained the following spells:

 Spells                   Type           Power      Damage    Failure   Level
 Lesser Beckoning         Tloc           0%         N/A       58%         2
 Gell's Gravitas          Tloc           0%         N/A       83%         3
 Inner Flame              Hex/Fire       0%         N/A       83%         3
 Stone Arrow              Conj/Erth      0%         3d7       83%         3
 Teleport Other           Tloc           0%         N/A       83%         3
 Tukima's Dance           Hex            0%         N/A       83%         3
 Animate Armour           Summ/Erth      0%         N/A       99%         4
 Passage of Golubria      Tloc           0%         N/A       99%         4
 Irradiate                Conj/Alch      0%         3d11      100%        5
 Summon Forest            Summ/Tloc      0%         N/A       100%        5
 Yara's Violent Unravell  Hex/Alch       0%         3d3       100%        5
 Eringya's Noxious Bog    Alch           0%         4d6       100%        6
 Summon Hydra             Summ           0%         N/A       100%        7
 Ignition                 Fire           0%         3d3       100%        8
 Lehudib's Crystal Spear  Conj/Erth      0%         10d2      100%        8


Dungeon Overview and Level Annotations

Branches:
Dungeon (8/15)             Temple (0/1) D:6           Sewer (visited)
 Bailey (1/1)
   Lair: D:8-11

Altars:
Cheibriados
Fedhas
Gozag
Uskayaw

Shops:
D:2 [   D:4 *(!!


Innate Abilities, Weirdness & Mutations

You are a hulking beast.
Your limbs bulge with bestial killing power. (Slay +3)
You are too large for most types of armour.
You have claws for hands.
Your natural rate of healing is unusually fast.
You are covered in fur. (AC +1)
You have tough skin. (AC +1)


Message History

You closely miss the orc warrior.
The orc shoots a bolt.
The bolt hits the orc warrior!
The orc warrior unwields a +0 arbalest.
The orc warrior closely misses you.
The orc shoots a bolt.
You claw the orc warrior!
The orc warrior is severely wounded.
The orc shoots a bolt.
The bolt barely misses you.
The orc shoots a bolt.
The orc warrior hits you!
Unknown command.
You barely miss the orc warrior.
The orc warrior is severely wounded.
Unknown command.
You claw the orc warrior!
You kill the orc warrior!
The orc shouts!
The orc shoots a bolt.
Your Unarmed Combat skill increases to level 7!
Unknown command.
You flicker back into view.
The orc shouts!
The orc shoots a bolt.
The bolt closely misses you.
The orc shoots a bolt.
The bolt hits you!
An orc comes into view. It is wielding a +0 arbalest.
The orc shoots a bolt.
The bolt hits you.
The orc unwields a +0 arbalest.
The orc closely misses you.
You claw the orc!
You kill the orc!
The orc shoots a bolt.
The bolt closely misses you.
The orc warrior shoots a bolt.
The bolt hits you!
* * * LOW HITPOINT WARNING * * *
Unknown command.
The orc shoots a bolt.
The bolt hits you.
* * * LOW HITPOINT WARNING * * *
The orc shoots a bolt.
The bolt barely misses you.
The orc shoots a bolt.
The bolt barely misses you.
The orc warrior shoots a bolt.
The bolt hits you!
* * * LOW HITPOINT WARNING * * *
Okay, then.
As you read the scroll of fog, it dissolves into smoke.
The orc shoots a bolt.
The bolt barely misses you.
The orc shoots a bolt.
The bolt hits you!
You die...

≈≈ #≈......###......≈ ≈##o
#≈.............o.≈#
≈#...oo.(...........o... o
≈##.##≈)............o.≈##.# ≈
≈≈###≈≈.............oo≈≈###≈≈
.≈≈≈≈≈.................≈≈≈≈≈.
..............§§.............
.....§§........§§§§..........
.....§§†.§§....§h§§..........
.....§§........§§§§..........
#############################


You could see an orc warrior and 4 orcs.

Vanquished Creatures
  A two-headed ogre (D:8)
  Grinder (D:5)
  A wyvern (D:5)
  An acid dragon (D:5)
  A water moccasin (D:7)
  5 orc warriors
  3 sky beasts
  2 black bears
  An ogre (D:5)
  A boggart (Bailey)
  A centaur (D:8)
  A phantom (D:4)
  6 bullfrogs
  Blork the orc (D:5)
  4 scorpions
  8 wights
  4 killer bees
  A bombardier beetle (D:4)
  2 jellies
  2 gnoll boudas
  2 orc priests (D:7)
  Crazy Yiuf (D:3)
  4 hounds
  4 sleepcaps
  3 iguanas
  5 orc wizards
  Robin (D:2)
  13 adders
  18 gnolls
  A river rat (D:3)
  2 white imps
  4 dart slugs
  A ribbon worm (D:2)
  34 orcs
  3 bats
  8 endoplasms
  4 giant cockroaches
  10 goblins
  10 hobgoblins
  4 quokkas
  19 ball pythons
  21 kobolds
  27 rats
246 creatures vanquished.

Notes
Turn   | Place    | Note
-------+----------+-------------------------------------------
     0 | D:1      | dialectric the Troll Shapeshifter began the quest for the
                  | Orb.
     0 | D:1      | Reached XP level 1. HP: 18/18 MP: 0/0
    26 | D:1      | Reached skill level 1 in Fighting
    30 | D:1      | Reached XP level 2. HP: 27/27 MP: 1/1
   532 | D:1      | Reached XP level 3. HP: 33/33 MP: 2/2
  1072 | D:2      | Found Gofiff's Antique Armour Shoppe.
  1103 | D:2      | Noticed Robin
  1161 | D:2      | Reached XP level 4. HP: 40/41 MP: 3/3
  1162 | D:2      | Killed Robin
  1615 | D:3      | Found a glowing drain.
  1635 | Sewer    | Entered a sewer
  1830 | Sewer    | Noticed a bullfrog
  1834 | Sewer    | Noticed a bullfrog
  1839 | Sewer    | Reached XP level 5. HP: 49/49 MP: 4/4
  1855 | Sewer    | Reached XP level 6. HP: 58/58 MP: 5/5
  2529 | D:3      | Found a runed translucent door.
  2530 | D:3      | Noticed Crazy Yiuf
  2538 | D:3      | Killed Crazy Yiuf
  2757 | D:4      | HP: 2/61 [gnoll/+0 halberd (3)]
  2867 | D:4      | Reached XP level 7. HP: 66/67 MP: 6/6
  3182 | D:4      | Found Diedi's Distillery.
  3184 | D:4      | Found Relog's Distillery.
  3184 | D:4      | Found Femohergh's Weapon Shoppe.
  3188 | D:4      | Reached skill level 1 in Armour
  3192 | D:4      | Found Ipiev's Assorted Antiques.
  3195 | D:4      | Bought a potion of heal wounds for 65 gold pieces
  3195 | D:4      | Bought a potion of curing for 39 gold pieces
  3195 | D:4      | Bought a potion of might for 52 gold pieces
  3891 | D:5      | Entered Level 5 of the Dungeon
  3897 | D:5      | Noticed Blork the orc
  3904 | D:5      | Killed Blork the orc
  4025 | D:5      | Reached skill level 5 in Unarmed Combat
  4076 | D:5      | Found an opulent altar of Gozag.
  4161 | D:5      | Noticed Grinder
  4174 | D:5      | Paralysed by Grinder for 5 turns
  4181 | D:5      | Killed Grinder
  4182 | D:5      | Reached XP level 8. HP: 41/79 MP: 7/7
  4238 | D:5      | Reached skill level 5 in Shapeshifting
  4497 | D:5      | Reached skill level 5 in Fighting
  4710 | D:5      | Found a blossoming altar of Fedhas.
  4851 | D:6      | Reached XP level 9. HP: 82/83 MP: 8/8
  4925 | D:6      | Found a staircase to the Ecumenical Temple.
  5247 | D:6      | Found a hide-covered altar of Uskayaw.
  5494 | D:6      | Found a snail-covered altar of Cheibriados.
  5617 | D:7      | Reached skill level 5 in Dodging
  6412 | D:8      | Noticed a two-headed ogre
  6422 | D:8      | Killed a two-headed ogre
  6423 | D:8      | Reached XP level 10. HP: 46/100 MP: 9/9
  6805 | D:8      | Found a flagged portal.
  6816 | Bailey   | Entered a bailey
  6871 | Bailey   | Shot with a bolt by an orc

Illustrated notes

Levels and vault maps discovered:
D:1:      mushboom_english_gardens, layout_basic
D:2:      layout_loops_cross, serial_shops, nicolae_shop_trees, uniq_robin
D:3:      layout_basic, portal_sewer_entry_a, uniq_crazy_yiuf_cottage
D:4:      layout_layer_cave, minmay_shop_grid_forest
D:5:      layout_gridville, mainiacjoe_overflow_alcove_1,
          nicolae_gozag_seed_capital, hangedman_minor_gate_pass,
          uniq_blork_the_orc, uniq_grinder
D:6:      layout_rooms, mainiacjoe_overflow_alcove_4,
          nicolae_uskayaw_murder_on_the_dancefloor, minmay_temple_entry_glass,
          st_stairs_5, hangedman_decor_clover_reticule,
          hangedman_abyss_or_decor_stabs
D:7:      layout_rooms, chequers_serial_rivers_micro_e
D:8:      layout_loops_corners, nicolae_ru_path_of_blood,
          gammafunk_temple_overflow_pools, enter_bailey_2, minmay_quadrilaterals
Bailey:   bailey_polearm_2, bailey

Skill      XL: |  1  2  3  4  5  6  7  8  9 10 |
---------------+-------------------------------+-----
Fighting       | 1 2 3 4 5 6 7 |  7.0
Dodging        | 2 3 4 5 |  5.6
Unarmed Combat | 4 5 6 7 |  7.0
Shapeshifting  | 4 5 6 |  6.9
Armour         | 2 4 |  4.3

Action                     |  1- 3 |  4- 6 |  7- 9 | 10-12 || total
---------------------------+-------+-------+-------+-------++-------
  Melee: Unarmed           |    86 |   175 |   326 |    16 ||   603
         Punch             |     1 |     7 |    16 |       ||    24
  Throw: Javelin           |       |     3 |     4 |     5 ||    12
         Throwing net      |       |     1 |       |       ||     1
  Evoke: Wand              |       |       |       |     1 ||     1
    Use: Potion            |       |     3 |     3 |     3 ||     9
         Scroll            |       |     4 |     8 |     3 ||    15
   Stab: Held in net/web   |       |     1 |       |       ||     1
         Sleeping          |       |       |     2 |       ||     2
 Armour: Animal skin       |    63 |    98 |   304 |    32 ||   497
         Skin              |       |   146 |       |       ||   146
  Dodge: Dodged            |    44 |    93 |   189 |    27 ||   353

Table legend: (Time is in decaauts)
 A = Elapsed time spent in this place.
 B = Non-inter-level travel time spent in this place.
 C = Inter-level travel time spent in this place.
 D = Time resting spent in this place.
 E = Time spent auto-exploring this place.
 F = Levels seen in this place.
 G = Mean time per level.
                   A        B        C        D        E       F      G
               +--------+--------+--------+--------+--------+-----+--------+
         Total |   6809 |   6477 |    332 |    248 |   4335 |  10 |  680.9 |
       Dungeon |   6490 |   6158 |    332 |    248 |   4267 |   8 |  811.2 |
         Sewer |    262 |    262 |      0 |      0 |     68 |   1 |  262.0 |
        Bailey |     56 |     56 |      0 |      0 |      0 |   1 |   56.0 |
               +--------+--------+--------+--------+--------+-----+--------+

Top non-repeatable levels by time:
     D:4: 1237 daAuts
     D:5: 964 daAuts
     D:1: 853 daAuts
     D:6: 804 daAuts
     D:3: 781 daAuts
     D:2: 753 daAuts
     D:8: 582 daAuts
     D:7: 514 daAuts
   Sewer: 262 daAuts
  Bailey: 56 daAuts
